 Dungeon Crawl Stone Soup version 0.17-a0-1310-gaf4f4d6 (webtiles) character file.

157 espenoss the Chucker (level 5, -1/53 HPs)
             Began as an Ogre Hunter on June 8, 2015.
             Slain by a black bear (5 damage)
             ... on level 7 of the Dungeon.
             The game lasted 00:06:19 (2635 turns).

espenoss the Chucker (Ogre Hunter)                  Turns: 2635, Time: 00:06:20

Health: -1/53      AC:  3    Str: 17    XL:     5   Next: 38%
Magic:  5/5        EV: 10    Int: 10    God:
Gold:   112        SH:  0    Dex: 11    Spells: 0 memorised, 4 levels left

rFire  . . .     SeeInvis .     j - +0 whip
rCold  . . .     Clarity  .     d - +0 robe
rNeg   . . .     SustAt   .     (no shield)
rPois  .         Gourm    .     (helmet restricted)
rElec  .         Spirit   .     (no cloak)
rCorr  .         Warding  .     (gloves unavailable)
rMut   .         Stasis   .     (boots unavailable)
MR     .....                    (no amulet)
Stlth  +.........               (no ring)
                                (no ring)

@: not resistant to hostile enchantments, very unstealthy
A: unfitting armour, tough skin 1
a: no special abilities


You were on level 7 of the Dungeon.
You were not hungry.

You visited 1 branch of the dungeon, and saw 5 of its levels.

You collected 112 gold pieces.

Inventory:

Hand weapons
 f - a +0 mace
 j - a +0 whip (weapon)
 o - a +0 giant club
Missiles
 a - a large rock (quivered)
Armour
 d - a +0 robe (worn)
Jewellery
 g - an uncursed amulet of regeneration {unknown}
 k - a +4 ring of intelligence {unknown}
 l - a +4 ring of protection {unknown}
Scrolls
 e - a scroll of identify {unknown}
 m - a scroll of teleportation {unknown}
 r - a scroll of fear {unknown}
Potions
 c - a potion of mutation {unknown}
 h - a potion of flight {unknown}
Comestibles
 i - 2 slices of pizza
 n - 2 chunks of flesh
 p - 3 bread rations
 q - 6 beef jerkies


   Skills:
 + Level 3.6 Fighting
 * Level 4.6 Maces & Flails
 + Level 4.9 Throwing
 + Level 2.5 Dodging
 - Level 0.7 Stealth


You had 4 spell levels left.
You didn't know any spells.

Dungeon Overview and Level Annotations

Branches:
Dungeon (7/15)             Temple (0/1) D:6

Altars:


Innate Abilities, Weirdness & Mutations

You are too large for most types of armour.
You have tough skin (AC +1).


Message History

Aim: a black bear (severely wounded, berserk, fast, unusually strong)
Okay, then.
The black bear bites you. The black bear claws you. The black bear claws you.
The black bear rages.
You see here a murky grey potion.
The black bear bites you!
* * * LOW HITPOINT WARNING * * *
The black bear claws you.
* * * LOW HITPOINT WARNING * * *
The black bear claws you.
* * * LOW HITPOINT WARNING * * *
You see here a large rock.
a - a large rock The black bear closely misses you.
The black bear claws you.
* * * LOW HITPOINT WARNING * * *
The black bear claws you but does no damage.
The black bear bites you.
* * * LOW HITPOINT WARNING * * *
The black bear claws you.
You die...

....###...# ....###
....##....#### .....
....#........ ....
#...#.#..... ...# ..
........##.# #..## ...
.....#####.######...#....
................!...$....
............#####h..##..
.....######....(@.(......
.....# ######.....#...
.....# ##...## .. .....#
#...# #...## #...# #####
#####


You could see a black bear (berserk).

Vanquished Creatures
  An ogre (D:7)
  An iguana (D:7)
  An adder (D:2)
  An ooze (D:3)
  2 giant geckos
  4 giant cockroaches
  4 hobgoblins
  5 kobolds
  6 bats
  2 giant newts (D:1)
  5 goblins
  3 jackals
  4 rats
39 creatures vanquished.

Notes
Turn   | Place    | Note
--------------------------------------------------------------
     0 | D:1      | espenoss the Ogre Hunter began the quest for the Orb.
     0 | D:1      | Reached XP level 1. HP: 22/22 MP: 1/1
   314 | D:1      | Reached skill level 1 in Maces & Flails
   587 | D:1      | Reached XP level 2. HP: 29/29 MP: 2/2
  1616 | D:2      | Reached XP level 3. HP: 33/36 MP: 3/3
  2441 | D:3      | You fall through a shaft for 3 floors!
  2442 | D:6      | Noticed a black bear
  2489 | D:6      | Found a staircase to the Ecumenical Temple.
  2515 | D:7      | Noticed an ogre
  2526 | D:7      | Killed an ogre
  2526 | D:7      | Reached XP level 4. HP: 45/45 MP: 4/4
  2526 | D:7      | Reached XP level 5. HP: 53/53 MP: 5/5
  2614 | D:7      | Noticed a black bear
  2635 | D:7      | Slain by a black bear

Vault maps used:
D:1:      minmay_arrival_stone_box, st_stairs_14
D:2:      minivault_26, minivault_4
D:3:      goddamned_bats, uniq_jessica
D:6:      grunt_temple_overflow_diamond, minmay_temple_entry_hall, hex_tiny
D:7:      nicolae_overflow_crystal_walls, grunt_ogre_cave

Action                   |  1- 3 |  4- 6 || total
-------------------------+-------+-------++-------
Melee: Mace              |    85 |       ||    85
       Whip              |    63 |       ||    63
Throw: Large rock        |     6 |     7 ||    13
       Throwing net      |       |     3 ||     3
 Stab: Sleeping          |     4 |       ||     4
  Eat: Chunk             |     3 |       ||     3
       Bread ration      |     1 |       ||     1
